Cogmind - Beta 9 @@@ ROGUE MODE // 2019.10.27 @ 15:37:54 Player: RBrandon Result: Destroyed by Y-45 Defender with Heavy Assault Rifle Performance ------------- Evolutions (1) 500 Regions Visited (2) 400 Robots Destroyed (36) 180 Value Destroyed (818) 818 Prototype IDs (2) 40 Alien Tech Used (0) 0 Bonus (29) 29 TOTAL SCORE: 1967 Bonus ------- High Alert Combat Kills 29 Cogmind --------- Core Integrity 0/400 Matter 272/300 Energy 116/140 System Corruption 15% Temperature Cool (0) Location -9/Materials Parts ------- Power (1) Light Deuterium Engine Propulsion (2) Aluminum Leg Utility (4) Small Storage Unit Advanced Targeting Computer Advanced Targeting Computer Improved Light Armor Plating Weapon (2) Improved Assault Rifle Mining Claw Inventory (6) Light Deuterium Engine Light Treads Advanced Targeting Computer Improved Light Armor Plating Improved Light Armor Plating Improved Light Armor Plating Peak State ------------ Power Cooled Ion Engine Propulsion Light Treads Improved Aluminum Leg Utility Improved Heat Sink Small Storage Unit Advanced Targeting Computer Advanced Targeting Computer Weapon Plasma Cutter Flail Inventory Ion Engine Advanced Targeting Computer Improved Light Armor Plating Improved Light Armor Plating Improved Light Armor Plating Improved Light Armor Plating [Rating: 21] Favorites ----------- Power Ion Engine Engine Ion Engine Propulsion Aluminum Leg Treads Light Treads Leg Aluminum Leg Utility Small Storage Unit Device Improved Heat Sink Storage Small Storage Unit Processor Advanced Targeting Computer Protection Light Armor Plating Weapon EM Pulse Gun Energy Gun EM Pulse Gun Ballistic Gun Light Assault Rifle Ballistic Cannon Light Cannon Special Weapon Plasma Cutter Impact Weapon Flail Slashing Weapon Mining Claw Build | -11 -10 -9 ------- Run | Scr Mat Mat Slots Evolved 2 | . . 2 Power . | . . . Propulsion . | . . . Utility 2 | . . 2 Weapon . | . . . Parts Attached 34 | 6 6 22 Power 5 | 1 1 3 Engine 5 | 1 1 3 Core . | . . . Reactor . | . . . Propulsion 8 | 2 . 6 Treads 2 | . . 2 Leg 6 | 2 . 4 Wheel . | . . . Hover . | . . . Flight . | . . . Utility 9 | 1 1 7 Device 2 | . 1 1 Storage 1 | 1 . . Processor 3 | . . 3 Hackware . | . . . Protection 3 | . . 3 Artifact . | . . . Weapon 12 | 2 4 6 Energy Gun 4 | . 2 2 Energy Cannon . | . . . Ballistic Gun 4 | 2 1 1 Ballistic Cannon 1 | . 1 . Launcher . | . . . Special Weapon 1 | . . 1 Impact Weapon 1 | . . 1 Slashing Weapon 1 | . . 1 Piercing Weapon . | . . . Special Melee Weapon . | . . . Unidentified Prototypes 2 | . . 2 Parts Lost 15 | . . 15 Power 2 | . . 2 Propulsion 4 | . . 4 Utility 4 | . . 4 Weapon 5 | . . 5 Highest Loss Streak 4 | . . 4 Average Slot Usage (%) 85 | . 90 83 Engine 10 | . 14 9 Treads 1 | . . 1 Leg 20 | . 28 17 Device 7 | . 5 7 Storage 11 | . 14 11 Processor 6 | . . 9 Protection 6 | . . 8 Energy Gun 10 | . 6 11 Ballistic Gun 5 | . 21 . Special Weapon 1 | . . 1 Impact Weapon 2 | . . 3 Naked Turns . | . . . Heaviest Build 25 | 12 14 25 Greatest Support 23 | 20 20 23 Greatest Overweight (x) 4 | 1 3 4 Average Overweight (x) . | . . . Largest Inventory Capacity 6 | 6 6 6 Average Capacity 5 | 5 6 6 Most Carried 6 | 6 6 6 Average Carried 5 | 2 5 5 Final Capacity 6 | . . 6 Final Carried 6 | . . 6 Class Distribution -------------------- 83% | Mutant 16% | Scavenger-Mutant Dominant Class ---------------- Mutant | -10/Materials Mutant | -9/Materials Resources | -11 -10 -9 ----------- Run | Scr Mat Mat Matter Collected 552 | 254 139 159 Remotely . | . . . Salvage Created 1140 | . 297 843 Parts 77 | . 30 47 Haulers Intercepted 2 | . 1 1 Recyclers Shooed . | . . . Parts Field Recycled . | . . . Retrieved Matter . | . . . Parts Self-Destructed . | . . . Prevented . | . . . Kills | -11 -10 -9 ------- Run | Scr Mat Mat Combat Hostiles Destroyed 21 | . 5 16 Melee 3 | . . 3 Guns 15 | . 3 12 AOE 2 | . 2 . Classes Destroyed 11 | . 5 6 Worker 2 | . . 2 Builder 3 | . 3 . Hauler 2 | . 1 1 Recycler 1 | . . 1 Operator 2 | . . 2 Watcher 5 | . 3 2 Swarmer 7 | . 3 4 Grunt 10 | . 2 8 Brawler 1 | . . 1 Duelist 1 | . . 1 Sentry 2 | . . 2 Best Kill Streak 8 | . 8 8 Combat Bots Only 4 | . 3 4 Max Kills in Single Turn 3 | . 3 2 Gunslinging . | . . . Exploded 2 | . 2 . Melee 1 | . . 1 Uniques/NPCs Destroyed . | . . . Combat | -11 -10 -9 -------- Run | Scr Mat Mat Damage Taken 1938 | . 275 1663 Core 445 | . 40 405 Absorbed by Shields . | . . . Core Remaining (%) 92 | 100 84 . Volleys Fired 73 | . 24 49 Largest 2 | . 2 2 Hottest 85 | . 80 85 Shots Fired 122 | . 43 79 Gun 115 | . 41 74 Cannon 2 | . 2 . Launcher . | . . . Special 5 | . . 5 Kinetic 33 | . 33 . Thermal 5 | . . 5 Explosive . | . . . Electromagnetic 84 | . 10 74 Robot Hit Streak 10 | . 7 10 Robot Miss Streak 4 | . 4 4 Penetration Max . | . . . Secondary Targets 5 | . 1 4 Max Gunslinging Chain 1 | . 1 1 Shots Hit Robots 111 | . 23 88 Core Hits 57 | . 21 36 Critical Hits 1 | . . 1 Critical Kills . | . . . Critical Parts Destroyed 1 | . . 1 Melee Attacks 40 | . . 40 Impact 40 | . . 40 Slashing . | . . . Piercing . | . . . Sneak Attacks 4 | . . 4 Combat Hostiles . | . . . Follow-up Attacks . | . . . Damage Inflicted 2305 | . 578 1727 Guns 972 | . 276 696 Cannons . | . . . Explosions 365 | . 302 63 Melee 911 | . . 911 Ramming 1 | . . 1 Kinetic 164 | . 164 . Thermal 148 | . 29 119 Explosive . | . . . Electromagnetic 1081 | . 385 696 Impact 911 | . . 911 Slashing . | . . . Piercing . | . . . Highest Corruption 15 | . 2 15 Average Corruption 6 | . 2 8 Corruption Purged . | . . . Effects 27 | . 3 24 Message Errors 5 | . 2 3 Matter Fused 5 | . . 5 Heat Flow Errors 1 | . . 1 Energy Discharges 2 | . . 2 Data Loss (minor) 3 | . 1 2 Data Loss (major) 1 | . . 1 Misdirections 2 | . . 2 Targeting Errors 8 | . . 8 Overload Shots . | . . . Overflow Damage 189 | . . 189 Projectiles . | . . . Explosions . | . . . Melee 189 | . . 189 Knockbacks 1 | . . 1 Impact 1 | . . 1 Kinetic . | . . . Secondary . | . . . Self-Inflicted Damage 63 | . 63 . Shots 3 | . 3 . Rammed 1 | . . 1 Targets Rammed 2 | . . 2 Kicked 1 | . . 1 Crushed . | . . . Highest Temperature 174 | . 9 174 Average Temperature 31 | . 7 45 Received Heat Transfer 612 | . 75 537 Siege Activations . | . . . Robots Corrupted . | . . . Combat Hostiles . | . . . Parts Fried 16 | . 4 12 Impact Corruptions 11 | . . 11 Robots Melted . | . . . Combat Hostiles . | . . . Parts Melted . | . . . Heat Transferred 385 | . 50 335 Parts Sabotaged . | . . . Parts Stolen . | . . . Parts Stripped . | . . . Power Chain Reactions 3 | . 1 2 Missiles Intercepted . | . . . Alert | -11 -10 -9 ------- Run | Scr Mat Mat Peak Influence 468 | . 463 468 Average Influence 281 | . 239 318 Maximum Alert Level 2 | . 2 2 Low Security (%) 21 | . . . Level 1 64 | . . . Level 2 13 | . . . Level 3 . | . . . Level 4 . | . . . Level 5 . | . . . High Security . | . . . Max Security . | . . . Squads Dispatched 1 | . . 1 Investigation . | . . . Extermination . | . . . Reinforcement 1 | . . 1 Assault . | . . . Garrison . | . . . Intercept . | . . . Construction Impeded . | . . . Haulers Reinforced . | . . . Stealth | -11 -10 -9 --------- Run | Scr Mat Mat Distress Signals 4 | . . 4 Communications Jammed . | . . . Distress Signals . | . . . Times Spotted 44 | . 10 34 Peak Tracking Total 5 | . 3 5 Tactical Retreats 6 | . 1 5 Traps | -11 -10 -9 ------- Run | Scr Mat Mat Traps Triggered 1 | . . 1 Indirectly . | . . . Trap Hack Attempts . | . . . Triggered . | . . . Disarmed . | . . . Reprogrammed . | . . . Reused . | . . . Traps Extracted . | . . . Installed . | . . . Triggered . | . . . Machines | -11 -10 -9 ---------- Run | Scr Mat Mat Machines Disabled 7 | . 7 . Max in Single Turn 3 | . 3 . Machines Sabotaged . | . . . Garrisons Compromised . | . . . Overloaded Fab Kills . | . . . Fab Network Shutdowns . | . . . Hacking | -11 -10 -9 --------- Run | Scr Mat Mat Machines Accessed 5 | . 3 2 Terminals 4 | . 2 2 Fabricators . | . . . Repair Stations . | . . . Recycling Units 1 | . 1 . Scanalyzers . | . . . Garrison Access . | . . . Total Hacks 14 | . 6 8 Successful 7 | . 4 3 Failed 7 | . 2 5 Catastrophic 1 | . . 1 Database Lockouts . | . . . Manual 10 | . 4 6 Terminals 12 | . 4 8 Fabricators . | . . . Repair Stations . | . . . Recycling Units 2 | . 2 . Scanalyzers . | . . . Garrison Access . | . . . Terminal Hacks 4 | . 1 3 Part Schematic 2 | . . 2 Alert Level 1 | . . 1 Hauler Manifests 1 | . 1 . Fabricator Hacks . | . . . Repair Station Hacks . | . . . Recycling Unit Hacks 1 | . 1 . Report Inventory 1 | . 1 . Scanalyzer . | . . . Garrison Access Hacks . | . . . Unauthorized Hacks 5 | . 5 . Terminals 1 | . 1 . Operators 1 | . 1 . Fabricators . | . . . Repair Stations . | . . . Recycling Units 1 | . 1 . Monitor 1 | . 1 . Scanalyzers . | . . . Garrison Access . | . . . Data Cores Recovered 1 | . . 1 Used . | . . . Hacking Detections 3 | . 1 2 Full Trace Events . | . . . Feedback Events . | . . . Feedback Blocked . | . . . Robot Schematics Acquired . | . . . Robots Built . | . . . Matter . | . . . Time . | . . . Total Robot Build Rating . | . . . Part Schematics Acquired 2 | . . 2 Parts Built . | . . . Matter . | . . . Time . | . . . Total Part Build Rating . | . . . Parts Repaired . | . . . Time . | . . . Parts Recycled . | . . . Recycled Matter . | . . . Retrieved Matter . | . . . Retrieved Components . | . . . Parts Scanalyzed . | . . . Part Schematics Acquired . | . . . Parts Damaged . | . . . Bothacking | -11 -10 -9 ------------ Run | Scr Mat Mat Used RIF Installer . | . . . Robots Hacked . | . . . Non-combat . | . . . Combat . | . . . Robot Hacks Applied . | . . . Relay Couplers Released . | . . . Robots Rewired . | . . . Allies Hacked . | . . . Hacks Repelled . | . . . Allies | -11 -10 -9 -------- Run | Scr Mat Mat Total Allies . | . . . Largest Group . | . . . Highest-Rated Group . | . . . Highest-Rated Ally . | . . . Total Orders . | . . . Ally Attacks . | . . . Total Damage . | . . . Kills . | . . . Allies Corrupted . | . . . Allies Melted . | . . . Intel | -11 -10 -9 ------- Run | Scr Mat Mat Robot Analysis Total . | . . . Derelict Logs Recovered . | . . . Drone Launches . | . . . Drone Recoveries . | . . . Exploration | -11 -10 -9 ------------- Run | Scr Mat Mat Turns Passed 1229 | 65 317 847 Spaces Moved 633 | 47 191 395 Core 16 | 13 1 2 Treads 13 | . . 13 Legs 604 | 34 190 380 Wheels . | . . . Hover . | . . . Flight . | . . . Fastest Speed 50 | 50 120 120 Average Speed 127 | 107 120 133 Slowest Speed 250 | 120 200 250 Overloaded Moves . | . . . Propulsion Burnouts . | . . . Robots Hopped . | . . . Cave-ins Triggered . | . . . Exploration Rate (%) 26 | 4 39 35 Regions Visited 2 Branch Regions . Pre-discovered Areas . | . . . Known Exits Taken . | . . . Unknown Exits Taken 2 | 1 1 . Scrap Searched . | . . . Spaces Dug . | . . . Terrain Destroyed 13 | . 4 9 Melee . | . . . Projectile . | . . . AOE 13 | . 4 9 Actions | -11 -10 -9 --------- Run | Scr Mat Mat Total 865 | 58 238 569 Wait 47 | . 9 38 Move 631 | 46 190 395 Hop . | . . . Pick Up 21 | 6 3 12 Fast Attach 23 | 6 3 14 Attach 4 | . . 4 Detach . | . . . Swap 7 | . 3 4 Drop 17 | . 6 11 Fire 73 | . 24 49 Melee 40 | . . 40 Ram . | . . . Kick 2 | . . 2 Crush . | . . . Escape Stasis . | . . . Rewire . | . . . Trap . | . . . Miscellaneous . | . . . Route ------- -11/Scrapyard -10/Materials (discovered 2 exits: *Mat / [*Min]) -9/Materials History --------- Turn | Location | Event 44 | -11/Scrapyard | Discovered new exit (range 16) 66 | -11/Scrapyard | Entered Materials 322 | -10/Materials | Discovered new exit (range 16) 333 | -10/Materials | Build established: Mutant 371 | -10/Materials | Discovered new exit (range 10) 383 | -10/Materials | Entered another Materials area 383 | -9/Materials | Evolved 2 slots: Utility x2 902 | -9/Materials | System corruption reached 10% 942 | -9/Materials | Lost 4 parts (1p1n1u1w) 1038 | -9/Materials | Lost 4 parts (2n1u1w) 1045 | -9/Materials | Core integrity fell below 50% 1185 | -9/Materials | Core integrity fell below 20% 1230 | -9/Materials | Destroyed by Y-45 Defender with Heavy Assault Rifle Last Messages --------------- 01110_ K-01 Serf collects debris. 01136_ System corrupted: Matter fused (-6). 01142_ Acquired Lgt. Deuterium Engine. 01149_ Dropped Ion Engine. 01150_ Acquired Lgt. Deuterium Engine. 01158_ System corrupted: Energy discharge (-44). 01168_ Atomic Centrifuge disabled. 01171_ K-01 Serf collects debris. 01180_ System corrupted: Flail targeting data glitched. 01181_ Flail destroyed. 01183_ Kicked Y-45 Defender out of the way. 01184_ Slammed into Y-45 Defender. 01184_ Destabilizing: Short circuit. 01184_ Lgt. Deuterium Engine permanently disabled. 01190_ Aluminum Leg destroyed. 01200_ UO=K7 P/|QGVED#O6|%K 01217_ Acquired Prototype Ballistic Gun. 01217_ Identified Imp. Assault Rifle. 01226_ System corrupted: Energy discharge (-56). 01227_ Acquired Mining Claw. Map ----- +----------------------------------------------------+ | | | | | | | | | | | | | | | | | | | | | | | | | | | | | ?????????????????????????????????????????????????? | | ?????????????????????????????????????????????????? | | ?????????????##??????????????????????????????????? | | ?????######## #??????????????????????????????????? | | ?????# !! #????#?????????????????????????????? | | ?????# !! ###?# #????????????????????????????? | | ?????# ! ## ]| #???????????????????????????? | | ?????# ## | #???????????????????????????? | | ?????# ## #???????????????????????????? | | ?????# " " ## """#???????????????????????????? | | ?????# "" ## Y"########????????????????????? | | ?????# """ #? """# @ #????????????????????? | | ?????# #??? # #????????????????????? | | #+########/#########+#YY""" #????????????????????? | | + """ #????????????????????? | | ########## """ #????????????????????? | | #????????# #????????????????????? | | ########## #####?????########????????????????????? | | ?????????# *#?????????????????????????????????? | | ?????????# **#?????????????????????????????????? | | ?????????# !!#?????????????????????????????????? | | ?????????# !!#?????????????????????????????????? | | ?????????# !!#?????????????????????????????????? | | ?????????# !!#?????????????????????????????????? | | ?????????# #####?????????????????????????????????? | | ?????????# #?????????????????????????????????????? | | ?????????# #?????????????????????????????????????? | | ?????????# #?????????????????????????????????????? | | ?????????# #?????????????????????????????????????? | | ?????????# #?????????????????????????????????????? | | ?#######?# #######???????????????????????????????? | | ?# ### # #???????????????????????????????? | | ?# #???????????????????????????????? | | ?# T #???????????????????????????????? | | ?# % ####????????????????????????????? | | ?# *%= ##### ?????????????????????? | +----------------------------------------------------+ Best States ------------- Heat Dissipation 42 Energy Generation 14 Energy Capacity 280 Matter Stores 300 Matter Capacity 300 Sight Range 16 Terrain Scan Density 10 Armor Coverage 375 Evasion (%) 40 Targeting Accuracy 16 Recoil Reduction 1 Item Schematics ----------------- Imp. Sensor Array | -9/Materials | Hacked Imp. Signal Interpreter | -9/Materials | Hacked Robot Schematics ------------------ None Fabricated ------------ Nothing Alien Tech Used ----------------- None Achievements -------------- None Challenges ------------ None Game ------ Seed NeutronAlloySink Manual? 0 Play Time 00:18:04 Cumulative 73.4 hours Start 2019.10.27 @ 15:23:32 End 2019.10.27 @ 15:37:54 Sessions 1 Manual Loads 0 Difficulty Rogue Special Mode None Game No. 53 Rogue 53 Adventurer 0 Explorer 0 Win Type - Total 1 Types 1/0/0/0/0/0/0 Lore% 51 Gallery% 62 Achievement% 46 Wizard Run 0 Options --------- ASCII 0 Keyboard 1 Movement Vi Keybinds 0 Fullscreen 1 Font 18/SmallcapsGlow Map View 76x50 Tactical HUD 1 Map Filters NONE Filters NONE Steam 1 RUN: 16c0228f-d5e7-476c-9ff4-9ca6629531e3